 Dungeon Crawl Stone Soup version 0.27-a0-760-gc38aae387d (webtiles) character file.

Game seed: 1743350034023652352

994 wakim the Basher (level 7, 0/94 HPs)
             Began as a Minotaur Berserker on Mar 25, 2021.
             Was a Priest of Trog.
             Slain by a two-headed ogre
             ... wielding a +0 dire flail
              (3 damage)
             ... on level 5 of the Dungeon.
             The game lasted 00:10:51 (3842 turns).

wakim the Basher (Minotaur Berserker)               Turns: 3842, Time: 00:10:51

Health: 0/94       AC: 12    Str: 23    XL:     7   Next: 99%
Magic:  6/6        EV:  8    Int:  4    God:    Trog [***...]
Gold:   249        SH:  0    Dex: 10    Spells: 6/6 levels left

rFire    . . .     SeeInvis .   a - +5 great mace (holy)
rCold    . . .     Faith    .   (shield currently unavailable)
rNeg     . . .     Spirit   .   i - +0 plate armour
rPois    .         Reflect  .   (helmet restricted)
rElec    .         Harm     .   (no cloak)
rCorr    .         Rampage  .   (no gloves)
Will     .....                  (no boots)
Stlth    ..........             g - amulet of the acrobat
HPRegen  0.25/turn              (no ring)
MPRegen  0.10/turn              (no ring)

@: berserking, studying Maces & Flails, very quick
A: horns 2, retaliatory headbutt
a: Renounce Religion, Berserk, Trog's Hand


You were on level 5 of the Dungeon.
You worshipped Trog.
Trog was most pleased with you.
You visited 2 branches of the dungeon, and saw 6 of its levels.
You also visited: Sewer.

You collected 249 gold pieces.

Inventory:

Hand Weapons
 a - a +5 great mace of holy wrath (weapon)
 c - a +0 morningstar
Missiles
 b - 15 poisoned darts
 d - 14 boomerangs
 f - 8 bolts
Armour
 i - a +0 plate armour (worn)
Jewellery
 g - an amulet of the acrobat (around neck)
Wands
 y - a wand of mindburst (12)
Scrolls
 D - a scroll of blinking
 E - 2 scrolls of fear
 K - 3 scrolls of immolation
 Y - 2 scrolls of teleportation {@r3}
Potions
 e - a potion of haste {unknown}
 h - a potion of degeneration {unknown}
 l - 4 potions of might {unknown}
 J - 12 potions of curing {@q1}
 L - 2 potions of flight
 N - 5 potions of heal wounds {@q2}


   Skills:
 + Level 6.0 Fighting
 * Level 9.7 Maces & Flails
 + Level 5.4 Armour
 + Level 5.0 Dodging


You had 6 spell levels left.
You didn't know any spells.
Your spell library was empty.

Dungeon Overview and Level Annotations

Branches:
Dungeon (5/15)             Temple (1/1) D:4           Sewer (visited)

Altars:
Ashenzari
Okawaru
Trog

Shops:
D:2 :   D:4 [


Innate Abilities, Weirdness & Mutations

You have a pair of horns on your head.
You reflexively headbutt those who attack you in melee.


Message History

You see here a necrophage corpse.
A black bear is nearby!
An ice beast comes into view.
A two-headed ogre comes into view.
It is wielding a +0 dire flail and a +0 giant club.
You see here a necrophage corpse.
You bludgeon the black bear!!
The black bear is almost dead.
The black bear goes berserk!
You kill the black bear!
You hit the ice beast.
The ice beast is moderately wounded.
You sock the ice beast!
The ice beast is severely wounded.
You sock the ice beast!
You kill the ice beast!
Your Fighting skill increases to level 6!
Your Dodging skill increases to level 5!
The two-headed ogre shouts in stereo!
You hear a shout!
You hear an angry hiss.
A two-headed ogre is nearby!
You hit the two-headed ogre.
The two-headed ogre is moderately wounded.
An ufetubus comes into view.
The two-headed ogre hits you with a +0 giant club!!
The two-headed ogre hits you with a +0 giant club.
You bludgeon the two-headed ogre!!
The two-headed ogre is severely wounded.
The two-headed ogre hits you with a +0 dire flail.
* * * LOW HITPOINT WARNING * * *
The two-headed ogre hits you with a +0 giant club!
* * * LOW HITPOINT WARNING * * *
You thump the two-headed ogre!
The two-headed ogre is almost dead.
The two-headed ogre hits you with a +0 dire flail!
* * * LOW HITPOINT WARNING * * *
The two-headed ogre hits you with a +0 giant club!
* * * LOW HITPOINT WARNING * * *
A red film seems to cover your vision as you go berserk!
You feel yourself moving faster!
You feel mighty!
The two-headed ogre hits you with a +0 dire flail.
You die...

#...##...## .#
##.#......##.###...#....
##..........##.........
#......................
##..##...####..........
#####...## ..........
##...# .........
#...#####O5.....#
###.##.#.@.......
###.##...........
#.....†..........
##..#.......#.#..
##.##.#...## # #
##########


You could see a two-headed ogre and an ufetubus.

Vanquished Creatures
  The ghost of casual the Ducker, an amateur DjTm (D:5)
  An ice beast (D:5)
  A necrophage (D:5)
  A black bear (D:5)
  A bullfrog (D:5)
  A kobold brigand (Sewer)
  An orc priest (D:5)
  A bullfrog skeleton (D:4)
  2 iguanas
  3 hound skeletons
  3 gnolls (D:5)
  9 adders
  A river rat (D:4)
  3 adder skeletons (D:4)
  A worm (D:2)
  A dart slug (D:3)
  16 orcs
  7 ball pythons
  6 bats
  9 endoplasms
  3 giant cockroaches
  4 goblins
  9 hobgoblins
  3 jackals (D:2)
  21 kobolds
  3 quokkas
  2 frilled lizards (Sewer)
  8 rats
122 creatures vanquished.

Vanquished Creatures (others)
  A plant (Sewer)
1 creature vanquished.

Grand Total: 123 creatures vanquished

Notes
Turn   | Place    | Note
-------+----------+-------------------------------------------
     0 | D:1      | wakim the Minotaur Berserker began the quest for the Orb.
     0 | D:1      | Reached XP level 1. HP: 19/19 MP: 0/0
   283 | D:1      | Reached XP level 2. HP: 23/27 MP: 1/1
   288 | D:1      | Reached skill level 4 in Maces & Flails
   803 | D:2      | Reached XP level 3. HP: 32/33 MP: 2/2
  1026 | D:2      | Found Uponuith's Book Shop.
  1051 | D:2      | Reached ** piety under Trog
  1366 | D:3      | Reached XP level 4. HP: 40/40 MP: 3/3
  1582 | D:3      | Identified a scroll of acquirement
  1582 | D:3      | Acquired a +5 great mace of holy wrath
  2101 | D:4      | Reached skill level 5 in Maces & Flails
  2103 | D:4      | Reached XP level 5. HP: 28/47 MP: 4/4
  2108 | D:4      | Found a staircase to the Ecumenical Temple.
  2127 | Temple   | Entered the Ecumenical Temple
  2458 | D:4      | Found Puzyumua's Antique Armour Shop.
  2464 | D:4      | Acquired a manual of Maces & Flails
  2647 | D:4      | Found a glowing drain.
  2651 | Sewer    | Entered a sewer
  2757 | Sewer    | Reached *** piety under Trog
  2760 | Sewer    | Reached skill level 6 in Maces & Flails
  2827 | Sewer    | Reached XP level 6. HP: 38/55 MP: 5/5
  3224 | D:4      | Reached skill level 5 in Fighting
  3556 | D:5      | Entered Level 5 of the Dungeon
  3571 | D:5      | Reached skill level 7 in Maces & Flails
  3644 | D:5      | Found a bloodstained altar of Trog.
  3719 | D:5      | Found a runed translucent door.
  3724 | D:5      | Noticed casual's ghost (amateur DjTm)
  3741 | D:5      | Reached XP level 7. HP: 61/61 MP: 6/6
  3753 | D:5      | Killed casual's ghost
  3754 | D:5      | Reached skill level 8 in Maces & Flails
  3754 | D:5      | Reached skill level 5 in Armour
  3819 | D:5      | Reached skill level 9 in Maces & Flails
  3821 | D:5      | Noticed a two-headed ogre
  3831 | D:5      | Reached skill level 5 in Dodging
  3841 | D:5      | HP: 1/63 [two-headed ogre/+0 dire flail (11)]
  3842 | D:5      | Slain by a two-headed ogre

Illustrated notes

Levels and vault maps discovered:
D:1:      minmay_arrival_four_houses, layout_basic, minmay_misc_feat_doors
D:2:      layout_rooms, serial_shops, shop_fountains
D:3:      layout_basic
D:4:      layout_basic, minmay_temple_entry_mist, gup_sewer_entry_spiral,
          serial_shops, shop_fountains, chequers_arboretum
D:5:      layout_cave_pools, nicolae_overflow_hidden_temple,
          ebering_ghost_sewer_d
Temple:   regret_index_temple_chain_breaker

Skill      XL: |  1  2  3  4  5  6  7 |
---------------+----------------------+-----
Maces & Flails | 4 5 6 7 9 |  9.7
Fighting       | 4 5 6 |  6.0
Armour         | 3 4 5 |  5.4
Dodging        | 3 4 5 |  5.0

Action                   |  1- 3 |  4- 6 |  7- 9 || total
-------------------------+-------+-------+-------++-------
Melee: Morningstar       |    76 |     4 |       ||    80
       Headbutt          |     8 |     8 |     2 ||    18
       Great mace        |       |   127 |    16 ||   143
Invok: Berserk           |       |     2 |     1 ||     3
       Trog's Hand       |       |     1 |       ||     1
  Use: Scroll            |     4 |    11 |       ||    15
Armor: Ring mail         |    18 |     3 |       ||    21
       Leather armour    |     2 |       |       ||     2
       Plate armour      |       |   104 |     9 ||   113
Dodge: Dodged            |    56 |    80 |     8 ||   144

Table legend: (Time is in decaauts)
 A = Elapsed time spent in this place.
 B = Non-inter-level travel time spent in this place.
 C = Inter-level travel time spent in this place.
 D = Time resting spent in this place.
 E = Time spent auto-exploring this place.
 F = Levels seen in this place.
 G = Mean time per level.
                   A        B        C        D        E       F      G
               +--------+--------+--------+--------+--------+-----+--------+
         Total |   4021 |   3859 |    162 |      0 |   2892 |   7 |  574.4 |
       Dungeon |   3607 |   3445 |    162 |      0 |   2599 |   5 |  721.4 |
        Temple |      1 |      1 |      0 |      0 |      0 |   1 |    1.0 |
         Sewer |    411 |    411 |      0 |      0 |    292 |   1 |  411.0 |
               +--------+--------+--------+--------+--------+-----+--------+

Top non-repeatable levels by time:
     D:4: 1267 daAuts
     D:1: 800 daAuts
     D:3: 732 daAuts
     D:2: 563 daAuts
   Sewer: 411 daAuts
     D:5: 244 daAuts
  Temple: 1 daAuts
